 Dungeon Crawl Stone Soup version 0.20-a0-553-g9f38e11 (webtiles) character file.

17 drasked the Magician (level 2, 0/15 HPs)
             Began as a Deep Elf Ice Elementalist on Feb 3, 2017.
             Slain by Ijyb
             ... wielding a +4 dagger of draining
              (1 damage)
             ... on level 2 of the Dungeon.
             The game lasted 00:02:31 (898 turns).

drasked the Magician (Deep Elf Ice Elementalist)     Turns: 898, Time: 00:02:32

Health: 0/15       AC:  3    Str:  5    XL:     2   Next: 44%
Magic:  4/8        EV: 11    Int: 19    God:
Gold:   51         SH:  0    Dex: 15    Spells: 7/8 levels left

rFire    . . .     SeeInvis .   m - +0 dagger (curse)
rCold    . . .     Gourm    .   a - +0 robe
rNeg     . . .     Faith    .   (no shield)
rPois    .         Spirit   .   (no helmet)
rElec    .         Reflect  .   (no cloak)
rCorr    .         Harm     .   (no gloves)
MR       .....                  i - +0 pair of boots
Stlth    ++........             (no amulet)
Regen    0.1/turn               (no ring)
                                (no ring)

@: heavily drained
A: no striking features
a: no special abilities


You were on level 2 of the Dungeon.
You were not hungry.

You visited 1 branch of the dungeon, and saw 2 of its levels.

You collected 51 gold pieces.

Inventory:

Hand Weapons
 f - a +0 dagger
   (You took it off a kobold on level 1 of the Dungeon)
 m - a cursed +0 dagger (weapon)
   (You found it on level 1 of the Dungeon)
Armour
 a - a +0 robe (worn)
 i - a +0 pair of boots (worn)
   (You found it on level 1 of the Dungeon)
Scrolls
 d - 3 scrolls of identify {unknown}
 e - a scroll of teleportation {unknown}
 j - 2 scrolls of fear {unknown}
 k - a scroll of amnesia {unknown}
Potions
 g - 3 potions of curing {unknown}
 h - a potion of brilliance {unknown}
 n - a potion of mutation {unknown}
 o - a potion of agility {unknown}
Books
 b - a book of Frost
Comestibles
 c - a bread ration {@e1}
 l - a royal jelly


   Skills:
 - Level 2.4(0.7) Dodging
 - Level 2.4(0.7) Stealth
 + Level 3.9(2.1) Spellcasting
   Level 1.1(0.0) Conjurations
 + Level 3.7(1.9) Ice Magic


You had 7 spell levels left.
You knew the following spells:

 Your Spells              Type           Power        Failure   Level  Hunger
a - Freeze                Ice            #...         10%         1    #......


Dungeon Overview and Level Annotations

Branches:
Dungeon (2/15)

Altars:

Annotations:
D:2 Ijyb


Message History

No target in view!
No target in view!
Done exploring.
Done exploring.
Done exploring.
(D) Dungeon
Where to? (Enter - D:1 @ (x,y), ? - help)
You see here a rat corpse.
There is a stone staircase leading down here.
You climb downwards.
There is a stone staircase leading up here.
MP restored: 8
There is a shaft here.
n - a fuming inky potion
Found an escape hatch in the ceiling.
A rat comes into view.
Aim: a rat You freeze the rat.
The rat bites you.
You take 2 damage, and have 13/15 hp.
You now have 7/8 mp.
Aim: a rat (severely wounded)
You freeze the rat.
You kill the rat!
You now have 6/8 mp.
o - a pink potion You see here a whip.
Found a stone staircase leading down.
Health restored: 15; MP restored: 8 Ijyb the Twisted Goblin comes into view.
She is wielding a dagger of draining.
Ijyb shouts!
A goblin comes into view.
The goblin moves out of view.
Ijyb hits you with a dagger of draining.
You feel drained.
You take 1 damage, and have 14/15 hp.
Aim: Ijyb, wielding a dagger of draining and wearing a runed leather armour You freeze Ijyb.
Ijyb completely resists.
The goblin shouts!
Ijyb closely misses you.
You now have 7/8 mp.
Aim: Ijyb, wielding a dagger of draining and wearing a runed leather armour You freeze Ijyb.
Ijyb completely resists.
Ijyb barely misses you.
You now have 6/8 mp.
Aim: Ijyb, wielding a dagger of draining and wearing a runed leather armour You freeze Ijyb.
Ijyb resists.
Ijyb hits you but does no damage.
You feel drained.
Health restored: 15 You now have 5/8 mp.
Aim: Ijyb, wielding a dagger of draining and wearing a runed leather armour (lightly wounded)
You freeze Ijyb.
Ijyb resists.
Ijyb misses you.
You now have 4/8 mp.
Aim: Ijyb, wielding a dagger of draining and wearing a runed leather armour (moderately wounded)
You freeze Ijyb.
Ijyb resists.
Ijyb closely misses you.
You now have 3/8 mp.
Aim: Ijyb, wielding a dagger of draining and wearing a runed leather armour (moderately wounded)
You freeze Ijyb.
Ijyb resists.
Ijyb closely misses you.
You now have 2/8 mp.
Aim: Ijyb, wielding a dagger of draining and wearing a runed leather armour (moderately wounded)
You miscast Freeze.
You are very lightly contaminated with residual magic.
Nothing appears to happen.
Ijyb screams, "I cut your head off!"
Ijyb hits you with a dagger of draining.
You feel drained.
You take 1 damage, and have 14/15 hp.
You now have 1/8 mp.
Aim: Ijyb, wielding a dagger of draining and wearing a runed leather armour (moderately wounded)
You freeze Ijyb.
Ijyb resists.
Ijyb hits you with a dagger of draining!
Ouch! That really hurt!
You feel drained.
* * * LOW HITPOINT WARNING * * *
You take 12 damage, and have 2/15 hp.
MASSIVE DAMAGE!!
You now have 1/8 mp.
Ijyb screams, "It's all mine!"
Your magical contamination has completely faded away.
Ijyb screams, "Get away!"
Ijyb screams, "Me very upset!"
There is a stone staircase leading down here.
MP restored: 8
Aim: Ijyb, wielding a dagger of draining and wearing a runed leather armour (moderately wounded)
You freeze Ijyb.
Ijyb resists.
Ijyb barely misses you.
You now have 7/8 mp.
Ijyb screams, "Me kill you!"
Aim: Ijyb, wielding a dagger of draining and wearing a runed leather armour (moderately wounded)
You freeze Ijyb.
Ijyb resists.
Ijyb hits you with a dagger of draining.
* * * LOW HITPOINT WARNING * * *
You feel drained.
You take 3 damage, and have 3/15 hp.
You now have 6/8 mp.
Aim: Ijyb, wielding a dagger of draining and wearing a runed leather armour (moderately wounded)
You freeze Ijyb.
Ijyb completely resists.
Ijyb hits you but does no damage.
You feel drained.
You now have 5/8 mp.
Unknown command.
Aim: Ijyb, wielding a dagger of draining and wearing a runed leather armour (moderately wounded)
You freeze Ijyb.
Ijyb completely resists.
Ijyb hits you with a dagger of draining.
* * * LOW HITPOINT WARNING * * *
You feel drained.
You die...

#.....#.####.#
#.#.#....
#.##..#......#
#.#.##.##
#.############
#.#....#
#.###...#
#.######
#.....#.# #.#
#######.# ###.#
#.######...####
#g##..........#
#@##...<...##.#
#.###########.#
#........)....#
###############


You could see Ijyb.

Vanquished Creatures
  An ooze (D:1)
  A dart slug (D:1)
  2 bats (D:1)
  A hobgoblin (D:1)
  A frilled lizard (D:1)
  2 kobolds (D:1)
  6 rats
14 creatures vanquished.

Notes
Turn   | Place    | Note
-------+----------+-------------------------------------------
     0 | D:1      | drasked the Deep Elf Ice Elementalist began the quest for the Orb.
     0 | D:1      | Reached XP level 1. HP: 10/10 MP: 6/6
   317 | D:1      | Reached XP level 2. HP: 15/15 MP: 5/8
   792 | D:2      | Noticed Ijyb
   813 | D:2      | HP: 2/15 [Ijyb/dagger of draining (4)]
   896 | D:2      | HP: 3/15 [Ijyb/dagger of draining (3)]
   898 | D:2      | HP: 1/15 [Ijyb/dagger of draining (2)]
   898 | D:2      | Slain by Ijyb

Vault maps used:
D:1:      dpeg_arrival_pond
D:2:      uniq_iyjb

Action                   || total
-------------------------++-------
Melee: Dagger            ||     1
 Cast: Freeze            ||    31
Armor: Robe              ||     6
Dodge: Dodged            ||    12

Vault maps used:
D:1:      dpeg_arrival_pond
D:2:      uniq_iyjb

Table legend:
 A = Turns spent in this place as a percentage of turns spent in the entire game.
 B = Non-inter-level travel turns spent in this place as a percentage of non-inter-level travel turns spent in the entire game.
 C = Inter-level travel turns spent in this place as a percentage of turns spent in this place.
 D = Turns resting spent in this place as a percentage of non-inter-level travel turns spent in this place.
 E = Turns spent auto-exploring this place as a percentage of non-inter-level travel turns spent in this place.
 F = Non-inter-level travel turns spent in this place divided by the number of levels of this place that you've seen.
                   A       B       C       D       E      F
               +-------+-------+-------+-------+-------+----------------------
         Total | 100.0 | 100.0 |   0.7 |   2.7 |   8.8 | 148.5
       Dungeon | 100.0 | 100.0 |   0.7 |   2.7 |   8.8 | 148.5
               +-------+-------+-------+-------+-------+----------------------

Table legend:
 A = Kills in this place as a percentage of kills in entire the game.
 B = Kills by you in this place as a percentage of kills by you in the entire game.
 C = Kills by friends in this place as a percentage of kills by friends in the entire game.
 D = Other kills in this place as a percentage of other kills in the entire game.
 E = Experience gained in this place as a percentage of experience gained in the entire game.
 F = Experience gained in this place divided by the number of levels of this place that you have seen.
                   A       B       C       D       E      F
               +-------+-------+-------+-------+-------+----------------------
         Total | 100.0 | 100.0 |  -nan |  -nan | 100.0 |  12.5
       Dungeon | 100.0 | 100.0 |  -nan |  -nan | 100.0 |  12.5
               +-------+-------+-------+-------+-------+----------------------
